AoeStats
← djrocalito

Arena

510341863Analyzed
2v2 RM · 19h ago on Sep 30, 2026· 69m 38s· 4 players
Game mode
Random Map
Map size
Medium (4 player)
Population
200
Speed
Normal
Resources
Standard
Victory
Conquest
Starting age
Dark Age
Ending age
Imperial Age
RankedLock teamsTeams togetherTeam positionsShared explorationLock speedFull tech treeHidden civsTurbo modeCheats
Victory
Defeat
🇺🇦 Danes · Ukraine
904
+14
🇨🇳 Varangians · China
810
+18
🇷🇴 Vietnamese · Romania
894
-17
🇪🇸 Saracens · Spain
837
-15
zeng2382024
0:35 Loom
11:36 Feudal Age
15:17 Castle Age
14:27 Double-Bit Axe
14:50 Horse Collar
17:14 Gold Mining
35:31 Imperial Age
33:39 Wheelbarrow
34:23 Elite Skirmisher
37:55 Conscription
38:29 Bow Saw
38:41 Hand Cart
40:45 Conscription
41:18 Padded Archer Armor
41:08 Fletching
42:32 Ballistics
43:15 Chemistry
42:12 Murder Holes
42:34 Leather Archer Armor
43:12 Stone Mining
43:24 Bodkin Arrow
43:59 Ring Archer Armor
46:09 Light Cavalry
46:59 Bloodlines
46:50 Husbandry
46:59 Hussar
48:18 Bracer
48:24 Scale Barding Armor
48:32 Forging
48:33 Siege Engineers
48:39 Masonry
Alogib
10:59 Feudal Age
11:25 Double-Bit Axe
16:20 Castle Age
14:57 Forging
15:20 Stone Mining
17:49 Scale Mail Armor
18:10 Horse Collar
19:31 Loom
20:44 Heavy Plow
21:26 Bow Saw
22:44 Iron Casting
22:56 Squires
24:20 Arson
25:15 Chain Mail Armor
25:44 Elite Skirmisher
27:05 Fletching
29:49 Padded Archer Armor
32:14 Bodkin Arrow
33:20 Leather Archer Armor
38:00 Wheelbarrow
39:34 Gold Mining
43:32 Imperial Age
42:08 Hamask
42:44 Gambesons
43:26 Town Watch
44:28 Hand Cart
44:40 Conscription
44:46 Elite Jomsviking
47:14 Blast Furnace
46:46 Plate Mail Armor
47:33 Siege Engineers
48:41 Chemistry
47:58 Elite Varangian Guard
51:40 Thumb Ring
51:57 Bracer
53:21 Ring Archer Armor
53:23 Ballistics
djrocalito
9:42 Feudal Age
15:06 Castle Age
15:18 Horse Collar
16:01 Double-Bit Axe
19:45 Heavy Plow
26:07 Scale Barding Armor
30:02 Scale Mail Armor
30:18 Forging
35:28 Imperial Age
34:21 Iron Casting
34:50 Wheelbarrow
37:59 Chemistry
37:22 Ballistics
37:32 Elite Mameluke
39:46 Bimaristan
39:03 Onager
43:00 Blast Furnace
42:20 Chain Barding Armor
41:56 Siege Onager
45:08 Counterweights
47:30 Siege Engineers
63:17 Masonry
63:09 Gold Mining
Scottish
7:40 Loom
10:17 Feudal Age
11:00 Double-Bit Axe
12:22 Gold Mining
16:02 Castle Age
17:47 Horse Collar
21:33 Stone Mining
22:34 Gold Mining
22:39 Crossbowman
23:50 Fletching
25:50 Bodkin Arrow
27:29 Bow Saw
28:11 Ballistics
56:02 Wheelbarrow
61:00 Hand Cart
61:19 Thumb Ring
65:03 Masonry
66:50 Padded Archer Armor
68:32 Leather Archer Armor
Connection lost

Rejoining the realm…

Still unreachable

The connection could not be restored.

Session expired

The server has moved on; the page needs a fresh start.